 Dungeon Crawl Stone Soup version 0.28-a0-32-g8dfe7f97f6 (webtiles) character file.

Game seed: 14247956471407020330

233 IdlyInterested the Slasher (level 5, 0/46 HPs)
             Began as a Minotaur Monk on July 27, 2021.
             Slain by an adder (2 damage)
             ... on level 4 of the Dungeon.
             The game lasted 00:09:50 (3132 turns).

IdlyInterested the Slasher (Minotaur Monk)          Turns: 3132, Time: 00:09:51

Health: 0/46       AC:  3    Str: 16    XL:     5   Next: 75%
Magic:  4/4        EV: 17    Int:  7    God:
Gold:   197        SH:  0    Dex: 13    Spells: 4/4 levels left

rFire   + + .      SeeInvis .   r - +3 dagger
rCold   . . .      Faith    .   (no shield)
rNeg    . . .      Spirit   .   s - +0 leather armour
rPois   +          Reflect  .   (helmet restricted)
rElec   +          Harm     .   (no cloak)
rCorr   +          Rampage  .   (no gloves)
Will    .....                   (no boots)
Stlth   ++........              w - amulet of the acrobat
HPRegen 0.15/turn               h - ring of fire
MPRegen 0.09/turn               x - +4 ring of evasion

@: resistant
A: horns 2, retaliatory headbutt
a: no special abilities


You were on level 4 of the Dungeon.
You visited 1 branch of the dungeon, and saw 5 of its levels.

You collected 197 gold pieces.

Inventory:

Hand Weapons
 a - a +0 falchion
 k - a +0 falchion
 r - a +3 dagger (weapon)
 y - a +0 great sword
Missiles
 j - 127 stones (quivered)
 n - 13 poisoned darts
Armour
 b - a +0 robe
 s - a +0 leather armour (worn)
Jewellery
 h - a ring of fire (left hand)
 u - a ring of magical power
 w - an amulet of the acrobat (around neck)
 x - a +4 ring of evasion (right hand)
Scrolls
 c - a scroll of teleportation {unknown}
 e - a scroll of immolation {unknown}
 f - a scroll of fear {unknown}
 g - a scroll of summoning {unknown}
 i - 3 scrolls of identify {unknown}
 p - 2 scrolls of vulnerability {unknown}
 q - a scroll of torment {unknown}
Potions
 d - 2 potions of invisibility {unknown}
 l - 2 potions of berserk rage {unknown}
 m - a potion of degeneration {unknown}
 o - 2 potions of curing {unknown}
 t - a potion of resistance
 v - a potion of might {unknown}


   Skills:
 * Level 4.0 Fighting
 * Level 5.6 Long Blades
 + Level 1.5 Throwing
 * Level 1.2 Armour
 * Level 5.0 Dodging
 - Level 1.5 Stealth


You had 4 spell levels left.
You didn't know any spells.
Your spell library contained the following spells:

 Spells                   Type           Power      Damage    Failure   Level
 Animate Skeleton         Necr           0%         N/A       50%         1
 Pain                     Necr           0%         1d4       50%         1
 Blink                    Tloc           N/A        N/A       65%         2
 Vampiric Draining        Necr           0%         2d6       86%         3
 Passage of Golubria      Tloc           N/A        N/A       99%         4
 Manifold Assault         Tloc           0%         N/A       100%        5
 Silence                  Hex/Air        0%         N/A       100%        5
 Storm Form               Tmut/Air       0%         N/A       100%        7
 Lehudib's Crystal Spear  Conj/Erth      0%         10d2      100%        8


Dungeon Overview and Level Annotations

Branches:
Dungeon (5/15)
 Temple: D:4-7

Altars:
Gozag
Kikubaaqudgha
Okawaru
Qazlal

Shops:
D:3 [   D:5 =


Innate Abilities, Weirdness & Mutations

You have a pair of horns on your head.
You reflexively headbutt those who attack you in melee.


Message History

Setting a skill training target for Long Blades at 20.0.
i - 3 scrolls labelled OLEAH AHUJUTH (gained 1)
A white imp comes into view.
The white imp shouts, "Escape, thou spongy swag-bellied horn-beast!"
The white imp gestures at you. The puff of frost hits you!
You feel a terrible chill!
An adder comes into view.
You closely miss the white imp. You headbutt the white imp.
The white imp is moderately wounded.
The white imp gestures at you. The puff of frost hits you!
You feel a terrible chill!
You hit the white imp but do no damage.
The white imp is moderately wounded.
The white imp grinds its teeth.
The white imp gestures at you. The puff of frost misses you.
You hit the white imp but do no damage.
The white imp is moderately wounded.
The white imp hits you. The white imp freezes you.
You feel a terrible chill!
You closely miss the white imp.
The white imp is lightly wounded.
The white imp completely misses you. You furiously retaliate!
You headbutt the white imp. You barely miss the white imp.
You headbutt the white imp.
The white imp is almost dead.
The adder bites you but does no damage. The white imp gestures at you.
The puff of frost hits you!!
You feel a terrible chill!
* * * LOW HITPOINT WARNING * * *
You hit the white imp.
The white imp is almost dead.
The adder barely misses you.
You hit the white imp but do no damage.
The white imp is almost dead.
The white imp gestures at you. The puff of frost misses you.
The adder barely misses you.
It was a potion of resistance.
You feel protected. The adder bites you.
You die...

#..§≈≈####§..#
####.##
#..≈#≈≈≈≈§≈≈.#
###
#...§≈_8≈§§..#
#.≈.#§>.§#§..#
#.. +§§≈≈§...#
#§#≈##.≈.##
§≈≈§.....#
?§≈≈....?.#
.........@#
.......#5S#
.......##...
......# #....
.##### #..#..
#..## #..# #..


You could see an adder and a white imp.

Vanquished Creatures
  An ogre (D:5)
  A jelly (D:4)
  4 adders
  A worm (D:3)
  3 dart slugs
  2 orcs (D:3)
  7 bats
  9 endoplasms
  2 giant cockroaches (D:3)
  5 goblins
  4 hobgoblins
  8 jackals (D:3)
  3 quokkas
  5 ball pythons
  3 frilled lizards
  7 kobolds
  4 rats
69 creatures vanquished.

Notes
Turn   | Place    | Note
-------+----------+-------------------------------------------
     0 | D:1      | IdlyInterested the Minotaur Monk began the quest for the
                  | Orb.
     0 | D:1      | Reached XP level 1. HP: 19/19 MP: 0/0
   253 | D:1      | Reached XP level 2. HP: 7/26 MP: 1/1
  1202 | D:2      | Reached XP level 3. HP: 33/33 MP: 2/2
  1857 | D:3      | Reached XP level 4. HP: 34/40 MP: 3/3
  2073 | D:3      | Found an ancient bone altar of Kikubaaqudgha.
  2384 | D:3      | Found Watec's Armour Emporium.
  2417 | D:3      | Found an opulent altar of Gozag.
  2434 | D:3      | Reached skill level 1 in Throwing
  2630 | D:3      | You fall into a shaft and drop 2 floors!
  2630 | D:5      | Entered Level 5 of the Dungeon
  2630 | D:5      | Found Aniuffoe's Jewellery Boutique.
  2631 | D:5      | Noticed an ogre
  2638 | D:5      | Killed an ogre
  2639 | D:5      | Reached skill level 5 in Long Blades
  2639 | D:5      | Reached XP level 5. HP: 35/46 MP: 4/4
  2648 | D:4      | Found an iron altar of Okawaru.
  2773 | D:4      | Found a stormy altar of Qazlal.
  2788 | D:4      | Reached skill level 1 in Armour
  2810 | D:4      | Reached skill level 5 in Dodging
  3129 | D:4      | HP: 1/46 [white imp/puff of frost (18)]
  3132 | D:4      | Slain by an adder

Illustrated notes

Levels and vault maps discovered:
D:1:      psy_arrival_statuary, layout_basic, kennysheep_small_spiral,
          wad_floor_pattern_untrapped, corner_web_ring
D:2:      layout_basic
D:3:      layout_basic, nicolae_gozag_seed_capital,
          mainiacjoe_overflow_chevrons, serial_shops, nicolae_shop_behind_doors,
          minmay_fractal_squares_diagonal_5
D:4:      layout_cave_pods, nicolae_qazlal_general_emergency,
          mainiacjoe_overflow_cross_hatched, grunt_ministairs_14
D:5:      minmay_razor_zed, layout_cave_pods, serial_shops,
          nicolae_diamond_shop, nicolae_stop_n_shop_1, nicolae_stop_n_shop_1,
          nicolae_shop_crystal, st_stairs_3

Skill      XL: |  1  2  3  4  5 |
---------------+----------------+-----
Long Blades    | 4 5 |  5.6
Dodging        | 4 5 |  5.0
Fighting       | 4 |  4.0
Throwing       | 1 |  1.5
Armour         | 1 |  1.2
Stealth        | |  1.5

Action                   |  1- 3 |  4- 6 || total
-------------------------+-------+-------++-------
Melee: Falchion          |    76 |       ||    76
       Headbutt          |    12 |    11 ||    23
       Dagger            |       |    52 ||    52
Throw: Stone             |    26 |    12 ||    38
  Use: Potion            |       |     1 ||     1
 Stab: Sleeping          |     5 |       ||     5
Armor: Robe              |    10 |     1 ||    11
       Leather armour    |       |     8 ||     8
Dodge: Dodged            |    69 |    43 ||   112
       Rpst.: Falchion   |    10 |       ||    10

Table legend: (Time is in decaauts)
 A = Elapsed time spent in this place.
 B = Non-inter-level travel time spent in this place.
 C = Inter-level travel time spent in this place.
 D = Time resting spent in this place.
 E = Time spent auto-exploring this place.
 F = Levels seen in this place.
 G = Mean time per level.
                   A        B        C        D        E       F      G
               +--------+--------+--------+--------+--------+-----+--------+
         Total |   3132 |   3091 |     41 |    836 |   1547 |   5 |  626.4 |
       Dungeon |   3132 |   3091 |     41 |    836 |   1547 |   5 |  626.4 |
               +--------+--------+--------+--------+--------+-----+--------+

Top non-repeatable levels by time:
     D:3: 1166 daAuts
     D:1: 1157 daAuts
     D:2: 462 daAuts
     D:4: 329 daAuts
     D:5: 17 daAuts
